 Dungeon Crawl Stone Soup version 0.26.1-11-gd32895ea62 (webtiles) character file.

Game seed: 3228093291681739182

64 Almogavar the Covered (level 4, -4/40 HPs)
             Began as a Hill Orc Fighter on May 1, 2021.
             Killed by divine providence
             ... invoked by an orc priest
              (17 damage)
             ... on level 3 of the Dungeon on May 2, 2021.
             The game lasted 00:07:57 (2113 turns).

Almogavar the Covered (Hill Orc Fighter)            Turns: 2113, Time: 00:07:58

Health: -4/40      AC: 13    Str: 25    XL:     4   Next: 12%
Magic:  4/4        EV:  7    Int:  8    God:
Gold:   107        SH: 14    Dex: 10    Spells: 3/3 levels left

rFire    . . .     SeeInvis .   a - +0 war axe
rCold    . . .     Faith    .   c - +0 kite shield
rNeg     . . .     Spirit   .   b - +0 scale mail
rPois    .         Reflect  +   y - +0 helmet
rElec    .         Harm     .   (no cloak)
rCorr    .         Rampage  .   g - +0 pair of gloves (curse)
Will     .....                  (no boots)
Stlth    ..........             i - amulet of reflection
HPRegen  0.13/turn              q - +4 ring of protection
MPRegen  0.09/turn              s - +6 ring of strength

@: no status effects
A: no striking features
a: Convert to Beogh


You were on level 3 of the Dungeon.
You visited 1 branch of the dungeon, and saw 3 of its levels.

You collected 107 gold pieces.

Inventory:

Hand Weapons
 a - a +0 war axe (weapon)
 A - a +0 hunting sling
Missiles
 e - 64 arrows
 f - 76 stones (quivered)
 h - 8 javelins
 n - 51 bolts
Armour
 b - a +0 scale mail (worn)
 c - a +0 kite shield (worn)
 g - a cursed +0 pair of gloves (worn)
 k - a +0 plate armour
 y - a +0 helmet (worn)
Jewellery
 i - an amulet of reflection (around neck)
 q - a +4 ring of protection (left hand)
 s - a +6 ring of strength (right hand)
 u - an uncursed ring of fire
Scrolls
 m - 2 scrolls of remove curse
 o - 2 scrolls of magic mapping {unknown}
 p - a scroll of fear {unknown}
 v - a scroll of teleportation {unknown}
 x - a scroll of blinking {unknown}
Potions
 d - 3 potions of might
 l - 2 potions of haste
 r - 3 potions of curing {unknown}
 t - 2 potions of attraction {unknown}
 w - a potion of lignification {unknown}
 z - a potion of berserk rage {unknown}


   Skills:
 + Level 4.0 Fighting
 + Level 3.8 Axes
 + Level 4.1 Armour
 + Level 3.7 Shields


You had 3 spell levels left.
You didn't know any spells.
Your spell library was empty.

Dungeon Overview and Level Annotations

Branches:
Dungeon (3/15)

Altars:
Fedhas


Message History

You block the orc's attack. The orc hits you but does no damage.
You closely miss the orc.
The orc priest mumbles some strange prayers to Beogh against you.
Beogh smites you!
* * * LOW HITPOINT WARNING * * *
You block the orc's attack.
The orc priest shouts, "Join the one true god or die!"
You slash the orc!
You kill the orc!
The adder barely misses you.
You closely miss the adder. The adder bites you but does no damage.
You block the adder's attack.
The orc priest begins to cast a cantrip, but forgets the words!
You closely miss the adder. The adder barely misses you.
You miss the adder. You block the adder's attack. x2
You miss the adder. You block the adder's attack.
The orc priest invokes the aid of Beogh against you.
Beogh smites you!
You die... ..# #.#.......)....
Soo

#.............# S.
#.#.......##.##
#.#.#.#####.##.........#
.....{...##.###......#.#
#.#.####oS.............#
#.rb..........[..##
##S#####..........# #@#
#.#.......##
#.####.#####.##......#
#............##....#[..
######.#####.#....#####
#...# #..###.#
###.###..# .#
######.##...###.#
#........<.......#
#..######..<##.#.#


You could see an orc priest, 2 adders, a quokka and a bat.

Vanquished Creatures
  3 gnolls
  A worm (D:2)
  An orc (D:3)
  4 giant cockroaches
  2 goblins
  3 hobgoblins
  4 jackals (D:2)
  A kobold (D:2)
  A quokka (D:2)
  6 bats
  2 frilled lizards
  2 rats
30 creatures vanquished.

Notes
Turn   | Place    | Note
-------+----------+-------------------------------------------
     0 | D:1      | Almogavar the Hill Orc Fighter began the quest for the Orb.
     0 | D:1      | Reached XP level 1. HP: 19/19 MP: 1/1
   401 | D:1      | Reached XP level 2. HP: 27/27 MP: 2/2
   935 | D:1      | Reached XP level 3. HP: 2/33 MP: 3/3
  1439 | D:2      | You fall into a shaft and drop 1 floor!
  1585 | D:2      | Found a blossoming altar of Fedhas.
  1631 | D:2      | Reached XP level 4. HP: 36/40 MP: 4/4
  2113 | D:3      | Killed from afar by an orc priest

Illustrated notes

Levels and vault maps discovered:
D:1:      dpeg_arrival_radiant, layout_basic, nrook_loot_triangle
D:2:      layout_basic, fedhas_altar_3
D:3:      layout_loops_ring, corexii_shack

Skill      XL: |  1  2  3 |
---------------+----------+-----
Axes           | 3 |  3.8
Armour         | 4 |  4.1
Fighting       | 4 |  4.0
Shields        | |  3.7

Action                   |  1- 3 |  4- 6 || total
-------------------------+-------+-------++-------
Melee: War axe           |    64 |    20 ||    84
  Use: Scroll            |       |     2 ||     2
Armor: Scale mail        |    22 |     9 ||    31
Dodge: Dodged            |    25 |    10 ||    35
Block: Kite shield       |    51 |    23 ||    74
